 Dungeon Crawl Stone Soup version 0.24-a0-91-g4e4936a (console) character file.

Game seed: 9120961726258105321

57 Duffy the Conjurer (level 4, 34/36 HPs)
             Began as a Naga Fire Elementalist on Feb 8, 2019.
             Quit the game on level 2 of the Dungeon.
             The game lasted 00:02:05 (1624 turns).

Duffy the Conjurer (Naga Fire Elementalist)         Turns: 1624, Time: 00:02:06

Health: 34/36      AC:  2    Str: 11    XL:     4   Next: 0%
Magic:  0/7        EV: 10    Int: 16    God:
Gold:   45         SH:  0    Dex: 11    Spells: 3/7 levels left

rFire    . . .     SeeInvis +   c - 2 rations
rCold    . . .     Gourm    .   (no shield)
rNeg     . . .     Faith    +   a - +0 robe
rPois    +         Spirit   .   (no helmet)
rElec    .         Reflect  .   (no cloak)
rCorr    .         Harm     .   (no gloves)
MR       .....                  (no barding)
Stlth    +++.......             j - amulet of faith
HPRegen  0.12/turn              e - ring of stealth
MPRegen  0.10/turn              (no ring)

@: very slightly contaminated, very slow
A: large, see invisible, deformed body, poison resistance, slowness 2, slow
metabolism 1, spit poison 1, AC +1
a: Spit Poison


You were on level 2 of the Dungeon.
You were not hungry.

You visited 1 branch of the dungeon, and saw 2 of its levels.

You collected 45 gold pieces.

Inventory:

Armour
 a - a +0 robe (worn)
Jewellery
 e - a ring of stealth (left hand)
 j - an amulet of faith (around neck)
Scrolls
 b - a scroll of blinking {unknown}
 g - 2 scrolls of identify {unknown}
 h - 3 scrolls of enchant armour {unknown}
 i - a scroll of remove curse {unknown}
Potions
 d - a potion of brilliance {unknown}
 f - 2 potions of curing {unknown}
Comestibles
 c - 2 rations (in hand)
 k - a chunk of flesh


   Skills:
 - Level 1.5 Dodging
 - Level 3.0 Stealth
 + Level 2.2 Spellcasting
 + Level 3.2 Conjurations
 + Level 3.2 Fire Magic


You had 3 spell levels left.
You knew the following spells:

 Your Spells              Type           Power        Failure   Level  Hunger
h - Flame Tongue          Conj/Fire      ##...        5%          1    #......
l - Conjure Flame         Conj/Fire      ##......     16%         3    ###....

Your spell library contained the following spells:

 Spells                   Type           Power        Failure   Level  Hunger
 Throw Flame              Conj/Fire      ##....       9%          2    ###....
 Inner Flame              Hex/Fire       #.......     30%         3    ###....
 Sticky Flame             Conj/Fire      ##......     47%         4    #####..
 Fireball                 Conj/Fire      ##........   83%         5    ######.


Dungeon Overview and Level Annotations

Branches:
Dungeon (2/15)

Altars:


Innate Abilities, Weirdness & Mutations

You cannot wear boots.
Your serpentine skin is tough. (AC +1)
You have supernaturally acute eyesight. (SInv)
Armour fits poorly on your strangely shaped body.
Your system is resistant to poisons. (rPois)
You cover ground very slowly.
You have a slow metabolism.
You can spit poison.


Message History

Aim: an ooze The flame tongue hits the ooze.
The ooze is lightly wounded.
The ooze misses you.
Cast which spell? (? or * to list)
Aiming: Flame Tongue (safe; 5% risk of failure)
Press: ? - help, Shift-Dir - straight line, f/p - ooze
Aim: an ooze (lightly wounded)
The flame tongue hits the ooze.
The ooze is moderately wounded.
The ooze hits you.
Cast which spell? (? or * to list)
Aiming: Flame Tongue (safe; 5% risk of failure)
Press: ? - help, Shift-Dir - straight line, f/p - ooze
Aim: an ooze (moderately wounded)
The flame tongue hits the ooze.
The ooze is severely wounded.
You have got your breath back.
The ooze closely misses you.
Are you sure you want to abandon this character and quit the game? (Confirm with "yes".)

.. #. # #. ### #. .. ..#
.. #. #.# .. ####.#.
#.###.##
....?..####.##...
#...@.....#..#
##..J.##..#..# .
............#..# #.....
..###.#..###.#..####.#.##
#.#..#........##.#.#.
#.#..#.#......##.#.#. .
#..#).............. #
#..####.....###....
#.....# #....


You could see an ooze.

Vanquished Creatures
  2 adders (D:2)
  A worm (D:2)
  2 dart slugs (D:1)
  A leopard gecko (D:1)
  A ball python (D:1)
  4 goblins (D:1)
  4 hobgoblins
  3 kobolds (D:1)
  6 bats
  2 frilled lizards (D:1)
  7 rats
33 creatures vanquished.

Notes
Turn   | Place    | Note
-------+----------+-------------------------------------------
     0 | D:1      | Duffy the Naga Fire Elementalist began the quest for the
                  | Orb.
     0 | D:1      | Reached XP level 1. HP: 15/15 MP: 3/3
   316 | D:1      | Reached XP level 2. HP: 10/22 MP: 0/5
   939 | D:1      | Reached XP level 3. HP: 28/28 MP: 4/6
   944 | D:1      | Learned a level 3 spell: Conjure Flame
  1620 | D:2      | Reached XP level 4. HP: 36/36 MP: 3/7
  1624 | D:2      | Quit the game

Levels and vault maps discovered:
D:1:      onia_arrival_mini_spirals, layout_loops_ring, chequers_avenue,
          minmay_misc_feat_tiny, patterned_corridor
D:2:      layout_basic, grunt_qazlal_sundering, uniq_jessica

Skill      XL: |  1  2  3 |
---------------+----------+-----
Conjurations   | 2 3 |  3.2
Dodging        | |  1.5
Stealth        | |  3.0
Spellcasting   | |  2.2
Fire Magic     | |  3.2

Action                   |  1- 3 |  4- 6 || total
-------------------------+-------+-------++-------
Melee: Unarmed           |     2 |       ||     2
 Cast: Flame Tongue      |    34 |     4 ||    38
 Abil: Spit Poison       |    27 |       ||    27
  Eat: Chunk             |     3 |       ||     3
Armor: Robe              |     8 |       ||     8
Dodge: Dodged            |    13 |     2 ||    15

Table legend:
 A = Non-vault XP
 B = Vault XP
 C = Vault XP percentage of total XP
 D = Non-vault monster count
 E = Vault monster count
 F = Vault count percentage of total count
                 A         B        C        D         E       F
            +---------+---------+-------+---------+---------+-------
      Total |      82 |       0 |   0.0 |      33 |       0 |   0.0
            +---------+---------+-------+---------+---------+-------
        D:1 |      44 |       0 |   0.0 |      25 |       0 |   0.0
        D:2 |      38 |       0 |   0.0 |       8 |       0 |   0.0
            +---------+---------+-------+---------+---------+-------
